 Dungeon Crawl Stone Soup version 0.28-a0-1447-ga5a8893891 (webtiles) character file.

Game seed: 3957090713512808913

65 ytrimaz the Insei (level 4, -1/29 HPs)
             Began as an Octopode Transmuter on Jan 10, 2022.
             Slain by an orc wizard (3 damage)
             ... on level 3 of the Dungeon.
             The game lasted 00:02:15 (2721 turns).

ytrimaz the Insei (Octopode Transmuter)             Turns: 2721, Time: 00:02:16

Health: -1/29      AC:  1    Str: 15    XL:     4   Next: 14%
Magic:  8/8        EV: 13    Int: 17    God:
Gold:   41         SH:  0    Dex: 15    Spells: 2/8 levels left

rFire   + . .      SeeInvis .     - Unarmed
rCold   . . .      Faith    .   (no shield)
rNeg    + . .      Spirit   .   (helmet restricted)
rPois   .          Reflect  .   (no amulet)
rElec   .          Harm     .   f - ring "Liser" {rF+ rN+ Dex+3}
rCorr   .          Rampage  .   a - +6 ring of strength
Will    .....                   (no ring)
Stlth   ++........              (no ring)
HPRegen 0.09/turn               (no ring)
MPRegen 0.11/turn               (no ring)
                                (no ring)
                                (no ring)

@: attractive
A: almost no armour, amphibious, 8 rings, camouflage 1, gelatinous body 1,
(nimble swimmer 1), tentacles
a: no special abilities


You were on level 3 of the Dungeon.
You visited 1 branch of the dungeon, and saw 3 of its levels.

You collected 41 gold pieces.

Inventory:

Jewellery
 a - a +6 ring of strength (right tentacle)
 f - the ring "Liser" (left tentacle) {rF+ rN+ Dex+3}
   (You acquired it on level 2 of the Dungeon)

   [ring of positive energy]

   Dex:       It affects your dexterity (+3).
   rF:        It protects you from fire.
   rN:        It protects you from negative energy.
Scrolls
 c - a scroll of acquirement


   Skills:
 * Level 1.7 Fighting
 - Level 2.0 Dodging
 + Level 3.6 Unarmed Combat
 * Level 2.6 Spellcasting
 * Level 2.7 Transmutations


You had 2 spell levels left.
You knew the following spells:

 Your Spells              Type           Power      Damage    Failure   Level
a - Beastly Appendage     Tmut           22%        N/A       6%          1
b - Wereblood             Tmut           11%        N/A       9%          2
c - Spider Form           Tmut/Pois      6%         N/A       30%         3

Your spell library contained the following spells:

 Spells                   Type           Power      Damage    Failure   Level
 Inner Flame              Hex/Fire       2%         N/A       47%         3
 Ice Form                 Ice/Tmut       6%         N/A       71%         4
 Cause Fear               Hex            1%         N/A       87%         4
 Discord                  Hex            1%         N/A       100%        8


Dungeon Overview and Level Annotations

Branches:
Dungeon (3/15)

Altars:


Innate Abilities, Weirdness & Mutations

You cannot wear most types of armour.
You are amphibious.
You can wear up to eight rings at the same time.
Your skin changes colour to match your surroundings (Stealth+).
Your rubbery body absorbs attacks. (AC +1, EV +1)
((You are camouflaged when in or above water. (Stealth+)))
You have tentacles for arms and can constrict up to eight enemies at once.


Message History

You hear some strange, mumbled words.
You are more confused.
You tentacle-slap the rat.
Your tentacle spike misses the rat.
The rat is severely wounded.
Something hits you.
You tentacle-slap the rat.
You kill the rat!
Something hits you.
You see here a rat corpse.
Something hits you. Something hits you.
You see here a rat corpse.
You bump into the rock wall.
Your transformation is almost over.
Something hits you.
You bump into the rock wall.
Something hits you.
You bump into the rock wall.
Something hits you.
You tentacle-slap something but do no damage.
Your tentacle spike misses something.
You squeeze something!
You hear some strange, mumbled words.
A puff of flame appears from out of thin air!
The puff of flame hits you. You resist.
* * * LOW HITPOINT WARNING * * *
You miss something.
Your tentacle-slap misses something.
You feel less confused.
You hear some strange, mumbled words.
A puff of flame appears from out of thin air!
The puff of flame misses you.
You miss something. Your squeeze misses something.
Unknown command.
You closely miss something.
Your tentacle spike misses something.
You hear some strange, mumbled words.
Something tries to affect you, but you resist.
You barely miss something. Something hits you.
* * * LOW HITPOINT WARNING * * *
Unknown command.
It was a potion of attraction.
You feel attractive to monsters.
Your tentacle spike disappears.
Something hits you.
You die...

..# #.##
##.#########
#### ##.###.##
##....# ####.#
##.#######
#........#
#...###.<##
####..##......
#....{@..#
#.#..†..###. #
#.........#
#.#.#...###
...#.#####
#.###.# #. #.#
# ... ...


There were no monsters in sight!

Vanquished Creatures
  3 adders (D:2)
  A worm (D:2)
  A dart slug (D:2)
  An orc (D:3)
  2 ball pythons (D:2)
  5 endoplasms
  2 goblins
  3 hobgoblins
  4 kobolds
  2 bats (D:2)
  6 frilled lizards
  4 rats
34 creatures vanquished.

Notes
Turn   | Place    | Note
-------+----------+-------------------------------------------
     0 | D:1      | ytrimaz the Octopode Transmuter began the quest for the
                  | Orb.
     0 | D:1      | Reached XP level 1. HP: 13/13 MP: 3/3
   649 | D:1      | Found a faded altar of an unknown god.
   672 | D:1      | Found a faded altar of an unknown god.
   797 | D:2      | Reached XP level 2. HP: 15/18 MP: 5/5
  1423 | D:2      | Reached XP level 3. HP: 14/23 MP: 4/6
  1426 | D:2      | Learned a level 2 spell: Wereblood
  1430 | D:2      | Learned a level 3 spell: Spider Form
  1898 | D:2      | Identified 2 scrolls of acquirement
  2080 | D:2      | Reached XP level 4. HP: 29/29 MP: 5/7
  2502 | D:2      | Acquired the ring "Liser" {rF+ rN+ Dex+3}
  2720 | D:3      | HP: 1/29 [something (4)]
  2721 | D:3      | Slain by an orc wizard

Illustrated notes

Levels and vault maps discovered:
D:1:      tarquinn_simple_flora_water_f, layout_rooms,
          hellmonk_ecumenical_altar_the_god_not_taken,
          nicolae_figureground_pulse
D:2:      layout_basic, minmay_pentomino_r4
D:3:      layout_loops_corners, old_standard_altar

Action                   |  1- 3 |  4- 6 || total
-------------------------+-------+-------++-------
Melee: Unarmed           |    61 |    19 ||    80
       Tentacles         |    13 |     3 ||    16
       Constrict         |    19 |     2 ||    21
       Kick              |     9 |     3 ||    12
       Punch             |     2 |       ||     2
 Cast: Beastly Appendage |    20 |     4 ||    24
  Use: Scroll            |     3 |     4 ||     7
       Potion            |     1 |     1 ||     2
 Stab: Sleeping          |     7 |       ||     7
Armor: Skin              |     4 |     1 ||     5
Dodge: Dodged            |    43 |     8 ||    51

Table legend: (Time is in decaauts)
 A = Elapsed time spent in this place.
 B = Non-inter-level travel time spent in this place.
 C = Inter-level travel time spent in this place.
 D = Time resting spent in this place.
 E = Time spent auto-exploring this place.
 F = Levels seen in this place.
 G = Mean time per level.
                   A        B        C        D        E       F      G
               +--------+--------+--------+--------+--------+-----+--------+
         Total |   2715 |   2655 |     60 |    420 |   1916 |   3 |  905.0 |
       Dungeon |   2715 |   2655 |     60 |    420 |   1916 |   3 |  905.0 |
               +--------+--------+--------+--------+--------+-----+--------+

Top non-repeatable levels by time:
     D:2: 1501 daAuts
     D:1: 1033 daAuts
     D:3: 180 daAuts
